 Dungeon Crawl Stone Soup version 0.22-a0-419-g492bfec (webtiles) character file.

230 iamserjio the Poker (level 6, -2/47 HPs)
             Began as a Merfolk Gladiator on May 15, 2018.
             Slain by a wraith (3 damage)
             ... in an ossuary.
             The game lasted 00:07:20 (3956 turns).

iamserjio the Poker (Merfolk Gladiator)             Turns: 3956, Time: 00:07:21

Health: -2/47      AC:  8    Str: 15    XL:     6   Next: 3%
Magic:  6/6        EV: 13    Int:  8    God:
Gold:   93         SH:  4    Dex: 16    Spells: 5/5 levels left

rFire    . . .     SeeInvis .   a - +0 trident
rCold    + . .     Gourm    .   t - +0 buckler
rNeg     . . .     Faith    .   s - +0 ring mail
rPois    .         Spirit   .   c - +1 helmet
rElec    .         Reflect  .   u - +0 cloak
rCorr    .         Harm     .   (no gloves)
MR       .....                  (no boots)
Stlth    +.........             (no amulet)
HPRegen  0.15/turn              p - ring of protection from cold
MPRegen  0.10/turn              (no ring)

@: slowed, very slow
A: change form in water, swift swim, stealthy swim
a: no special abilities


You were in an ossuary.
You were not hungry.

You visited 1 branch of the dungeon, and saw 4 of its levels.
You also visited: Ossuary.

You collected 93 gold pieces.

Inventory:

Hand Weapons
 a - a +0 trident (weapon)
Missiles
 d - 4 throwing nets (quivered)
Armour
 b - a +0 leather armour
 c - a +1 helmet (worn)
 s - a +0 ring mail (worn)
 t - a +0 buckler (worn)
 u - a +0 cloak (worn)
Jewellery
 m - an uncursed amulet of harm
 p - a ring of protection from cold (left hand)
Scrolls
 h - 2 scrolls of random uselessness
 i - a scroll of amnesia {unknown}
 j - a scroll of teleportation {unknown}
 k - a scroll of remove curse {unknown}
 n - 2 scrolls of noise {unknown}
Potions
 e - 2 potions of heal wounds {unknown}
 g - 2 potions of invisibility {unknown}
 l - 3 potions of flight {unknown}
 o - a potion of cancellation {unknown}
 q - a potion of curing {unknown}
 r - 2 potions of haste {unknown}
Comestibles
 f - 3 rations


   Skills:
 + Level 3.6 Fighting
 * Level 7.3 Polearms
 - Level 2.0 Throwing
 + Level 5.4 Dodging
 + Level 1.0 Shields


You had 5 spell levels left.
You didn't know any spells.
Your spell library contained the following spells:

 Spells                   Type           Power        Failure   Level  Hunger
 Magic Dart               Conj           #...         77%         1    ##.....
 Conjure Flame            Conj/Fire      #.......     98%         3    ####...
 Slow                     Hex            #.......     88%         2    ###....
 Mephitic Cloud           Conj/Pois/Air  #.......     98%         3    ####...
 Blink                    Tloc           N/A          88%         2    ###....
 Iskenderun's Mystic Bla  Conj           #.......     100%        4    #####..
 Animate Dead             Necr           N/A          100%        4    #####..
 Pain                     Necr           #...         77%         1    ##.....
 Animate Skeleton         Necr           N/A          77%         1    ##.....
 Vampiric Draining        Necr           #.........   98%         3    ####...
 Call Imp                 Summ           #.......     88%         2    ###....
 Regeneration             Chrm/Necr      #.........   98%         3    ####...
 Fulminant Prism          Conj/Hex       #.........   100%        4    #####..
 Dazzling Spray           Conj/Hex       #.....       98%         3    ####...
 Force Lance              Conj/Tloc      #.......     100%        4    #####..
 Searing Ray              Conj           #.....       88%         2    ###....


Dungeon Overview and Level Annotations

Branches:
Dungeon (4/15)
 Temple: D:4-7

Altars:
Trog


Message History

Press: ? - help, Dir - move target cursor, f/p - wraith
Aim: a wraith (severely damaged)
You hit the wraith.
The wraith is severely damaged.
The wraith completely misses you.
Attack whom?
Press: ? - help, Dir - move target cursor, f/p - wraith
Aim: a wraith (severely damaged)
You hit the wraith.
The wraith is almost destroyed.
The wraith hits you!
* * * LOW HITPOINT WARNING * * *
The wraith drains your vigour!
You feel as though you will be slow longer.
The wraith barely misses you. The wraith hits you!
* * * LOW HITPOINT WARNING * * *
The wraith closely misses you. The wraith hits you.
You die...

#......##.... ...##......#
#.....##...#####...##.....#
#....##...##...##...##....#
#....#...##..!?.##...#....#
#....'...#.?!?...'...+....#
#....#...##.?.?.##...#....#
#....##...##...##...##....#
#.....##...#####W..##.....#
#......##......@..##......#
#.......#####+#####.......#
#.∩.....................∩.#
#.........................#
############'''############
####...#### #..'...'..#
#..#...#..# ####...####


You could see a wraith.

Vanquished Creatures
  2 orc wizards (D:3)
  A worker ant (D:3)
  A mummy (Ossuary)
  3 adders (D:3)
  3 worms
  3 dart slugs (D:1)
  5 leopard geckos
  9 orcs (D:3)
  A ball python (D:3)
  A giant cockroach (D:3)
  5 goblins
  10 hobgoblins
  A quokka (D:3)
  9 bats
  2 frilled lizards
  5 gnoll skeletons (Ossuary)
  2 kobolds
  3 kobold skeletons (Ossuary)
  17 orc skeletons (Ossuary)
  11 rats
94 creatures vanquished.

Notes
Turn   | Place    | Note
-------+----------+-------------------------------------------
     0 | D:1      | iamserjio the Merfolk Gladiator began the quest for the Orb.
     0 | D:1      | Reached XP level 1. HP: 16/16 MP: 1/1
    87 | D:1      | Reached XP level 2. HP: 23/23 MP: 2/2
   219 | D:1      | Reached skill level 5 in Polearms
   433 | D:1      | Reached XP level 3. HP: 28/28 MP: 3/3
  1210 | D:2      | Found a bloodstained altar of Trog.
  1545 | D:3      | Reached skill level 6 in Polearms
  1545 | D:3      | Reached XP level 4. HP: 29/35 MP: 4/4
  1965 | D:3      | Reached skill level 5 in Dodging
  1965 | D:3      | Reached XP level 5. HP: 17/41 MP: 5/5
  2929 | D:3      | Reached skill level 7 in Polearms
  3544 | D:4      | Found a sand-covered staircase.
  3554 | Ossuary  | Entered an ossuary
  3554 | Ossuary  | Noticed a wraith
  3554 | Ossuary  | Noticed a wraith
  3554 | Ossuary  | Noticed a wraith
  3860 | Ossuary  | Reached XP level 6. HP: 47/47 MP: 6/6
  3867 | Ossuary  | Reached skill level 1 in Shields
  3927 | Ossuary  | Noticed a wraith
  3953 | Ossuary  | HP: 1/47 [wraith (8)]
  3956 | Ossuary  | Slain by a wraith

Vault maps used:
D:1:      nicolae_arrival_washed_ashore
D:2:      lemuel_coloured_pillars_altar, first_ration
D:3:      minmay_diamond_boxcup
D:4:      wad_pebble_path, minmay_temple_entry_hall,
          lightli_ossuary_entry_decrepit_ruins, uniq_sigmund
Ossuary:  ossuary_due_mausoleum

Skill      XL: |  1  2  3  4  5  6 |
---------------+-------------------+-----
Polearms       | 5 6 7 |  7.3
Fighting       | 3 |  3.6
Dodging        | 5 |  5.4
Shields        | 1 |  1.0
Throwing       | |  2.0

Action                   |  1- 3 |  4- 6 || total
-------------------------+-------+-------++-------
Melee: Trident           |   105 |   234 ||   339
  Use: Scroll            |       |     4 ||     4
 Stab: Sleeping          |     1 |     1 ||     2
  Eat: Chunk             |     2 |     6 ||     8
       Ration            |       |     1 ||     1
Armor: Leather armour    |    11 |    12 ||    23
       Ring mail         |       |    27 ||    27
Dodge: Dodged            |    44 |   124 ||   168
Block: Buckler           |       |    17 ||    17

Table legend:
 A = Spawn XP
 B = Non-spawn XP
 C = Spawn XP percentage of total XP
 D = Spawn monster count
 E = Non-spawn monster count
 F = Spawn count percentage of total count
 G = Total turns spent on level
                    A         B        C        D         E        F      G
               +---------+---------+-------+---------+---------+-------+---------
         Total |       0 |     329 |   0.0 |       0 |      94 |   0.0 |  3956
               +---------+---------+-------+---------+---------+-------+---------
           D:1 |       0 |      37 |   0.0 |       0 |      18 |   0.0 |   694
           D:2 |       0 |      20 |   0.0 |       0 |      11 |   0.0 |   849
           D:3 |       0 |     223 |   0.0 |       0 |      37 |   0.0 |  1905
           D:4 |       0 |       6 |   0.0 |       0 |       2 |   0.0 |   106
       Ossuary |       0 |      43 |   0.0 |       0 |      26 |   0.0 |   402
               +---------+---------+-------+---------+---------+-------+---------
